 Dungeon Crawl Stone Soup version 0.32-a0-485-g70f7560b1c (webtiles) character file.

Game seed: 7756096223626796736

2 Esekla the Sneak (level 1, 0/16 HPs)
             Began as an Octopode Delver on Feb 27, 2024.
             Was an Initiate of Gozag.
             Slain by a goblin
             ... wielding a +0 club
             ... led by Robin
              (6 damage)
             ... on level 4 of the Dungeon.
             The game lasted 00:02:11 (118 turns).

Esekla the Sneak (Octopode Delver)                   Turns: 118, Time: 00:02:12

Health: 0/16       AC:  1    Str: 11    XL:     1   Next: 40%
Magic:  1/1        EV: 13    Int: 12    God:    Gozag
Gold:   5          SH:  0    Dex: 13    Spells: 0/0 levels left

rFire   . . .        a - +0 falchion
rCold   + . .        (no shield)
rNeg    . . .        (helmet restricted)
rPois   .            (no amulet)
rElec   .            c - ring of protection from cold
rCorr   .            (no ring)
SInv    .            (no ring)
Will    .....        (no ring)
Stlth   ++++         (no ring)
HPRegen 0.22/turn    (no ring)
MPRegen 0.07/turn    (no ring)
                     (no ring)

%: no passive effects
@: hasted, very quick
A: almost no armour, amphibious, 8 rings, camouflage 1, gelatinous body 1,
(nimble swimmer 1), tentacles
a: Renounce Religion, Potion Petition, Call Merchant, Bribe Branch


You were on level 4 of the Dungeon.
You worshipped Gozag.
Gozag was noncommittal.
You visited 2 branches of the dungeon, and saw 3 of its levels.

You collected 5 gold pieces.

Inventory:

Hand Weapons
 a - a +0 falchion (weapon)
Jewellery
 c - a ring of protection from cold (left tentacle)
Wands
 f - a wand of digging (3)
Scrolls
 b - a scroll of fog
 g - a scroll of poison {unknown}
 h - a scroll of torment {unknown}
 i - a scroll of enchant armour {unknown}


   Skills:
 * Level 3.1 Fighting
 + Level 2.0 Long Blades
 * Level 2.0 Dodging
 + Level 6.7 Stealth


You couldn't memorise any spells.
You didn't know any spells.
Your spell library contained the following spells:

 Spells                   Type           Power      Damage    Failure   Level
 Shock                    Conj/Air       0%         1d3       32%         1
 Swiftness                Air            0%         N/A       69%         3
 Airstrike                Air            0%         2d(0-16)  97%         4


Dungeon Overview and Level Annotations

Branches:
Dungeon (5/15)             Temple (1/1) D:5

Altars:
Cheibriados
Dithmenos
Elyvilon
Gozag
Hepliaklqana
Makhleb
Nemelex Xobeh
Qazlal
Trog
Uskayaw
Vehumet
Wu Jian
Zin

Annotations:
D:4 Robin


Innate Abilities, Weirdness & Mutations

You cannot wear most types of armour.
You are amphibious.
You can wear up to eight rings at the same time.
Your skin changes colour to match your surroundings (Stealth+).
Your rubbery body absorbs attacks. (AC +1, EV +1)
((You are camouflaged when in or above water. (Stealth+)))
You have tentacles for arms and can constrict up to eight enemies at once.


Message History

2 hobgoblins, a goblin, an orc and a kobold come into view.
Found a scroll labelled JEUFRO VESUET.
The hobgoblin shouts!
The kobold shouts!
You hear a shout!
Robin throws the goblin at you! The goblin hits you with a +0 dagger.
An adder comes into view.
The kobold moves out of view.
You closely miss the goblin.
The goblin shouts!
Your grab misses the goblin.
You hear a shout!
The goblin closely misses you.
Robin says, "My army is invincible!"
Robin roars a battlecry!
The goblins go into a battle-frenzy!
A goblin comes into view. It is wielding a +0 club.
The goblin barely misses you.
You hit the goblin.
You kill the goblin!
The orc hits you but does no damage.
The orc priest is distracted by your dazzling golden aura.
A hobgoblin comes into view.
The goblin hits you with a +0 club. The goblin misses you.
A hobgoblin comes into view.
Robin roars a battlecry!
The hobgoblin goes into a battle-frenzy!
A hobgoblin comes into view.
The orc priest shouts!
Things that are here:
7 gold pieces; a +0 dagger You feel yourself speed up.
The hobgoblin shouts!
The orc priest is no longer distracted by gold.
The goblin misses you.
The kobold is distracted by your dazzling golden aura.
The kobold shouts!
You hit the hobgoblin. Your grab misses the hobgoblin.
The hobgoblin is heavily wounded.
The goblin hits you with a +0 club.
You die...
Your body crumbles into a pile of gold.

# #.#. .##
#.... ..###...
...#...
..##.#### ###
#>......###
#..
...g..$...#
#.#
#.#####.#.#
#g# ... #.#.#
#@# ...
#.#.######g###
....
#.#......ggo.#
....
#.########o#g#
..... #.#
#g#gg. r. #.#


ggK ..# ggS..?# ...<#.# ........ You could see a gnoll bouda, Robin, an adder, 2
orcs, 5 hobgoblins, 5 goblins and a kobold.

Vanquished Creatures
  An endoplasm (D:4)
  A goblin (D:4)
2 creatures vanquished.

Notes
Turn   | Place    | Note
-------+----------+-------------------------------------------
     0 | D:5      | Esekla the Octopode Delver began the quest for the Orb.
     0 | D:5      | Reached XP level 1. HP: 16/16 MP: 1/1
    12 | D:5      | Found a staircase to the Ecumenical Temple.
    21 | Temple   | Entered the Ecumenical Temple
    41 | Temple   | Became a worshipper of Gozag Ym Sagoz the Greedy
    64 | D:5      | Noticed an ogre
    92 | D:4      | Noticed a gnoll bouda
   112 | D:4      | Noticed an orc priest
   112 | D:4      | Noticed an orc wizard
   112 | D:4      | Noticed Robin
   118 | D:4      | Slain by a goblin

Illustrated notes

Levels and vault maps discovered:
D:4:      layout_loops_ring, nicolae_tso_swordbearing_angel,
          kennysheep_another_room, nicolae_figureground_pulse, uniq_robin,
          uniq_menkaure
D:5:      wander_river, layout_cave_pools, temple_statues
Temple:   hellmonk_temple_forest_ring

Action                     || total
---------------------------++-------
  Melee: Falchion          ||     4
    Use: Scroll            ||     2
         Potion            ||     1
 Armour: Skin              ||     5
  Dodge: Dodged            ||     4

Table legend: (Time is in decaauts)
 A = Elapsed time spent in this place.
 B = Non-inter-level travel time spent in this place.
 C = Inter-level travel time spent in this place.
 D = Time resting spent in this place.
 E = Time spent auto-exploring this place.
 F = Levels seen in this place.
 G = Mean time per level.
                   A        B        C        D        E       F      G
               +--------+--------+--------+--------+--------+-----+--------+
         Total |    118 |     98 |     20 |      0 |      0 |   3 |   39.3 |
       Dungeon |     78 |     77 |      1 |      0 |      0 |   2 |   39.0 |
        Temple |     39 |     20 |     19 |      0 |      0 |   1 |   39.0 |
               +--------+--------+--------+--------+--------+-----+--------+

Top non-repeatable levels by time:
     D:5: 52 daAuts
  Temple: 39 daAuts
     D:4: 26 daAuts
